 Seeded DCSS version 0.30.0-29-ga12c61a403 (webtiles) character file.

Game seed: 6351066067085065685 (custom seed)

991 Esekla the Magician (level 7, 0/38 HPs)
             Began as a Deep Elf Necromancer on June 24, 2023.
             Was a Believer of Vehumet.
             Slain by Pikel
             ... wielding a +1 whip of flaming
              (3 damage)
             ... in the Ecumenical Temple.
             The game lasted 00:34:32 (4896 turns).

Esekla the Magician (Deep Elf Necromancer)          Turns: 4896, Time: 00:34:32

Health: 0/38       AC:  4    Str:  5    XL:     7   Next: 98%
Magic:  11/19      EV: 11    Int: 22    God:    Vehumet [**....]
Gold:   333        SH:  0    Dex: 15    Spells: 13/20 levels left

rFire   . . .        y - +2 dagger (vamp)
rCold   . . .        (no shield)
rNeg    . . .        a - +0 robe
rPois   .            w - +0 helmet
rElec   .            (no cloak)
rCorr   .            k - +0 pair of gloves
SInv    .            (no boots)
Will    .....        A - amulet of magic regeneration
Stlth   +++          (no ring)
HPRegen 0.26/turn    (no ring)
MPRegen 0.56/turn

%: no passive effects
@: grasped by roots, constricted
A: no striking features
a: Renounce Religion


You were in the Ecumenical Temple.
You worshipped Vehumet.
Vehumet was pleased with you.
You visited 2 branches of the dungeon, and saw 7 of its levels.

You collected 333 gold pieces.

Inventory:

Hand Weapons
 c - the +5 rapier of the Hero {heavy, rN+ Dex+3}
   (You found it on level 3 of the Dungeon)

   Dex:       It affects your dexterity (+3).
   rN:        It protects you from negative energy.
 r - a +0 trident
 y - a +2 vampiric dagger (weapon)
Missiles
 s - 21 poisoned darts (quivered)
 x - a throwing net
Armour
 a - a +0 robe (worn)
 k - a +0 pair of gloves (worn)
 w - a +0 helmet (worn)
Jewellery
 A - an amulet of magic regeneration (around neck)
Wands
 n - a wand of roots (16)
 C - a wand of flame (15)
Scrolls
 e - 3 scrolls of fear {unknown}
 f - a scroll of identify
 l - 2 scrolls of amnesia {unknown}
 m - 3 scrolls of enchant weapon {unknown}
 p - 2 scrolls of fog {unknown}
 q - a scroll of blinking {unknown}
 t - a scroll of enchant armour {unknown}
 u - a scroll of immolation {unknown}
 z - a scroll of silence {unknown}
 D - a scroll of magic mapping {unknown}
Potions
 b - a potion of magic
 d - 2 potions of ambrosia
 g - a potion of heal wounds {unknown}
 h - 3 potions of attraction
 i - a potion of haste
 j - 5 potions of curing {unknown}
 o - 3 potions of brilliance
 v - a potion of mutation {unknown}
 B - a potion of lignification


   Skills:
 - Level 1.0 Fighting
 * Level 3.6 Short Blades
 + Level 0.2 Throwing
 * Level 5.0 Dodging
 + Level 4.5 Stealth
 * Level 7.1 Spellcasting
 * Level 6.7 Necromancy
 * Level 1.3 Translocations


You had 13 spell levels left.
You knew the following spells:

 Your Spells              Type           Power      Damage    Failure   Level
a - Necrotise             Necr           100%       1d9       1%          1
b - Teleport Other        Tloc           14%        N/A       14%         3
d - Vampiric Draining     Necr           37%        2d8       1%          3

Your spell library contained the following spells:

 Spells                   Type           Power      Damage    Failure   Level
 Foxfire                  Conj/Fire      28%        2x1d5     9%          1
 Animate Dead             Necr           37%        N/A       4%          4
 Lesser Beckoning         Tloc           28%        N/A       7%          2
 Gell's Gravitas          Tloc           14%        N/A       14%         3
 Agony                    Necr           37%        N/A       14%         5
 Spider Form              Tmut/Pois      7%         N/A       24%         3
 Cause Fear               Hex            3%         N/A       63%         4
 Summon Mana Viper        Hex/Summ       7%         N/A       92%         5


Dungeon Overview and Level Annotations

Branches:
Dungeon (6/15)             Temple (1/1) D:6

Altars:
Cheibriados
Dithmenos
Fedhas
Hepliaklqana
Okawaru
Qazlal
Trog
Vehumet
Xom
Zin
The Shining One

Shops:
D:2 =   D:4 (

Annotations:
D:2 black bear
Temple Pikel


Message History

Pikel zaps a wand.
The roots erupt in riotous growth!
The grasping roots grab you! The grasping roots constrict you!
Throw: 22 darts (poison)
Press: ? - help, Q - select action, (/) - cycle Shift-Dir - straight line, f/p - Pikel
Aim: Pikel, wielding a +1 whip of flaming, wearing a +0 robe and carrying a wand of roots (6) (lightly wounded, poisoned, 50% to hit)
You throw a poisoned dart. The poisoned dart barely misses Pikel.
The grasping roots constrict you.
You escape the roots grasp.
Pikel closely misses you.
You climb downwards.
Welcome back to the Ecumenical Temple!
There is a staircase back to the Dungeon here.
Casting: Vampiric Draining (safe; 1% risk of failure)
Confirm with . or Enter, or press ? or * to list all spells.
Aiming: Vampiric Draining (safe; 1% risk of failure)
Press: ? - help, Shift-Dir - straight line, f - Pikel
Aim: Pikel, wielding a +1 whip of flaming, wearing a +0 robe and carrying a wand of roots (6) (lightly wounded, poisoned)
You draw life force from Pikel!
You feel life coursing into your body.
Pikel zaps a wand.
The roots erupt in riotous growth!
The grasping roots grab you!
Pikel is unaffected.
The grasping roots constrict you!
Casting: Vampiric Draining (safe; 1% risk of failure)
Confirm with . or Enter, or press ? or * to list all spells.
Aiming: Vampiric Draining (safe; 1% risk of failure)
Press: ? - help, Shift-Dir - straight line, f/p - Pikel
Aim: Pikel, wielding a +1 whip of flaming, wearing a +0 robe and carrying a wand of roots (5) (moderately wounded, poisoned)
You draw life force from Pikel.
You feel life coursing into your body.
Pikel hits you with a +1 whip of flaming.
Pikel burns you. The grasping roots constrict you.
* * * LOW HITPOINT WARNING * * *
Casting: Vampiric Draining (safe; 1% risk of failure)
Confirm with . or Enter, or press ? or * to list all spells.
Aiming: Vampiric Draining (safe; 1% risk of failure)
Press: ? - help, Shift-Dir - straight line, f/p - Pikel
Aim: Pikel, wielding a +1 whip of flaming, wearing a +0 robe and carrying a wand of roots (5) (heavily wounded, poisoned)
You draw life force from Pikel!
You feel life coursing into your body.
Pikel looks more healthy.
Pikel hits you with a +1 whip of flaming!
* * * LOW HITPOINT WARNING * * *
Pikel burns you.
You die...

### ...####
.......####
..........###
..._........###
..............#
.......@.......
......K........
...............
..........._...
...............
...............
.⌠...........8.
...............


You could see Pikel.

Vanquished Creatures
  A sky beast (D:6)
  A black bear (D:6)
  A kobold brigand (D:6)
  2 scorpions (D:5)
  A gnoll bouda (D:4)
  5 hounds
  A jelly (D:6)
  A sleepcap (D:5)
  4 iguanas
  12 gnolls
  8 adders
  2 white imps
  A worm (D:4)
  3 dart slugs
  9 orcs
  6 ball pythons
  4 bats
  4 endoplasms
  8 goblins
  5 hobgoblins
  A quokka (D:1)
  4 frilled lizards
  12 kobolds
  A rat (D:1)
97 creatures vanquished.

Notes
Turn   | Place    | Note
-------+----------+-------------------------------------------
     0 | D:1      | Esekla the Deep Elf Necromancer began the quest for the
                  | Orb.
     0 | D:1      | Reached XP level 1. HP: 10/10 MP: 6/6
   183 | D:1      | Reached skill level 5 in Necromancy
   242 | D:1      | Reached XP level 2. HP: 15/15 MP: 8/8
   431 | D:4      | Found a radiant altar of Vehumet.
   435 | D:4      | Became a worshipper of Vehumet
   724 | D:4      | Found Ponaysk's Antique Weapon Boutique.
  1088 | D:2      | Found Renulab's Jewellery Shop.
  1202 | D:1      | Reached XP level 3. HP: 19/19 MP: 10/10
  1206 | D:1      | Learned a level 3 spell: Vampiric Draining
  1473 | D:2      | Noticed a black bear
  1491 | D:1      | Reached * piety under Vehumet
  1491 | D:1      | Offered knowledge of Kiss of Death by Vehumet.
  1492 | D:1      | Reached skill level 1 in Short Blades
  1710 | D:3      | Reached XP level 4. HP: 21/24 MP: 7/11
  1711 | D:3      | Identified the +5 rapier of the Hero {heavy, rN+ Dex+3}
  1865 | D:2      | Reached skill level 4 in Spellcasting
  1936 | D:2      | Found a faded altar of an unknown god.
  2235 | D:3      | Found a stormy altar of Qazlal.
  2265 | D:3      | Found a hazy altar of Hepliaklqana.
  2265 | D:3      | Found a bloodstained altar of Trog.
  2275 | D:3      | Reached XP level 5. HP: 27/28 MP: 9/13
  2889 | D:4      | Found an iron altar of Okawaru.
  2900 | D:4      | Found a glowing silver altar of Zin.
  3373 | D:5      | Entered Level 5 of the Dungeon
  3385 | D:5      | Reached skill level 5 in Spellcasting
  3453 | D:5      | Found a shadowy altar of Dithmenos.
  3544 | D:5      | Reached XP level 6. HP: 33/33 MP: 15/15
  3921 | D:4      | Reached ** piety under Vehumet
  3922 | D:4      | Reached skill level 1 in Fighting
  4081 | D:4      | Found a glowing golden altar of the Shining One.
  4114 | D:4      | Offered knowledge of Foxfire by Vehumet.
  4197 | D:4      | Reached skill level 6 in Spellcasting
  4292 | D:5      | Got the Parchment of the Lumpy Olives
  4308 | D:5      | Reached XP level 7. HP: 38/38 MP: 18/18
  4320 | D:5      | Learned a level 3 spell: Teleport Other
  4564 | D:6      | Found a blossoming altar of Fedhas.
  4625 | D:6      | Reached skill level 1 in Translocations
  4721 | D:6      | Reached skill level 5 in Dodging
  4721 | D:6      | Reached skill level 7 in Spellcasting
  4749 | D:6      | Found a staircase to the Ecumenical Temple.
  4882 | D:6      | Noticed Pikel
  4886 | Temple   | Entered the Ecumenical Temple
  4896 | Temple   | Slain by Pikel

Illustrated notes

Levels and vault maps discovered:
D:1:      sevenhm_arrival_forest_fort_small_3, layout_rooms,
          chequers_serial_rivers_room_b, minmay_misc_feat_five
D:2:      layout_loops_ring, dreamdust_ecumenical_altar_angels_and_demons,
          serial_shops, shop
D:3:      layout_basic, grunt_temple_overflow_open, minmay_misc_feat_iff
D:4:      layout_basic, nicolae_overflow_quartered_altars, serial_shops,
          nicolae_diamond_shop
D:5:      layout_loops_ring, lemuel_doored_altar, minmay_misc_feat_rows,
          dreamdust_wishing_well
D:6:      layout_loops_cross, fedhas_altar_fruit_tree,
          minmay_temple_entry_glass, uniq_pikel, uniq_blork_the_orc
Temple:   compressed_dpeg_circular_temple

Skill      XL: |  1  2  3  4  5  6  7 |
---------------+----------------------+-----
Necromancy     | 5 6 |  6.7
Short Blades   | 1 2 3 |  3.6
Dodging        | 3 4 5 |  5.0
Stealth        | 3 4 |  4.5
Spellcasting   | 4 5 6 7 |  7.1
Fighting       | 1 |  1.0
Translocations | 1 |  1.3
Throwing       | |  0.2

Action                     |  1- 3 |  4- 6 |  7- 9 || total
---------------------------+-------+-------+-------++-------
  Melee: Short sword       |    11 |       |       ||    11
         Unarmed           |     9 |       |       ||     9
         Dagger            |    75 |    80 |    51 ||   206
         Rapier            |       |    35 |       ||    35
         Punch             |       |     1 |       ||     1
  Throw: Dart              |       |     3 |     6 ||     9
   Cast: Vampiric Draining |     5 |    31 |    16 ||    52
    Use: Scroll            |       |       |     5 ||     5
   Stab: Sleeping          |     6 |     6 |     5 ||    17
         Distracted        |       |     1 |       ||     1
 Armour: Robe              |    11 |    21 |     4 ||    36
  Dodge: Dodged            |    48 |    88 |    42 ||   178
